 Dungeon Crawl Stone Soup version 0.26-a0-149-g49b1be5409 (webtiles) character file.

Game seed: 13339457765033104217

5784 Murumi the Fighter (level 10, -2/91 HPs)
             Began as a Hill Orc Fighter on June 30, 2020.
             Was a Priest of Beogh.
             Slain by a soldier ant (9 damage)
             ... in a Gauntlet.
             The game lasted 00:41:18 (9525 turns).

Murumi the Fighter (Hill Orc Fighter)               Turns: 9525, Time: 00:41:18

Health: -2/91      AC: 17    Str: 23    XL:     10   Next: 78%
Magic:  14/14      EV:  7    Int:  8    God:    Beogh [***...]
Gold:   290        SH: 12    Dex: 17    Spells: 9/9 levels left

rFire    x . .     SeeInvis .   a - +1 long sword
rCold    + . .     Faith    .   c - +0 kite shield
rNeg     . . .     Spirit   .   w - +1 plate armour of Qahofo {+Fly rElec rF- Dex+7}
rPois    .         Reflect  .   j - +0 helmet
rElec    +         Harm     .   (no cloak)
rCorr    .         NoTele   +   r - +0 pair of gloves
MR       .....                  (no boots)
Stlth    ..........             x - amulet of regeneration
HPRegen  0.65/turn              s - ring of protection from cold
MPRegen  0.14/turn              (no ring)

@: mighty, lethally poisoned (-2 -> -8)
A: no striking features
a: Smiting, Renounce Religion, Evoke Flight


You were in a Gauntlet.
You worshipped Beogh.
Beogh was most pleased with you.
You were not hungry.

You visited 3 branches of the dungeon, and saw 10 of its levels.
You also visited: Sewer and Gauntlet.

You collected 290 gold pieces.

Inventory:

Hand Weapons
 a - a +1 long sword (weapon)
Armour
 c - a +0 kite shield (worn)
 j - a +0 helmet (worn)
 r - a +0 pair of gloves (worn)
 w - the +1 plate armour of Qahofo (worn) {+Fly rElec rF- Dex+7}
   (You found it on level 5 of the Dungeon)

   It affects your dexterity (+7).
   It makes you vulnerable to fire.
   It insulates you from electricity.
   It lets you fly.
Jewellery
 s - a ring of protection from cold (left hand)
 x - an amulet of regeneration (around neck)
Wands
 p - a wand of polymorph (18)
 y - a wand of disintegration (18)
 z - a wand of digging (10)
Scrolls
 e - a scroll of enchant weapon
 k - 7 scrolls of teleportation
 n - a scroll of amnesia
 o - 4 scrolls of identify
 t - 2 scrolls of blinking
 v - a scroll of remove curse
Potions
 b - 6 potions of curing
 d - a potion of might
 g - a potion of ambrosia
 h - a potion of heal wounds
 l - 2 potions of brilliance
 m - 5 potions of flight
 q - a potion of mutation
 u - a potion of haste
Comestibles
 f - 5 rations


   Skills:
 - Level 9.0 Fighting
 - Level 9.0 Long Blades
 - Level 9.0 Armour
 - Level 2.0 Dodging
 + Level 8.1 Shields
 - Level 6.0 Invocations
 - Level 3.0 Evocations


You had 9 spell levels left.
You didn't know any spells.
Your spell library contained the following spells:

 Spells                   Type           Power        Failure   Level  Hunger
 Beastly Appendage        Tmut           #.....       100%        1    ##.....
 Magic Dart               Conj           #...         100%        1    ##.....
 Searing Ray              Conj           #.....       100%        2    ###....
 Sticks to Snakes         Tmut           #.......     100%        2    ###....
 Dazzling Flash           Conj/Hex       #.....       100%        3    ####...
 Spider Form              Tmut/Pois      #.........   100%        3    ####...
 Fulminant Prism          Conj/Hex       #.........   100%        4    #####..
 Ice Form                 Ice/Tmut       #.......     100%        4    #####..
 Iskenderun's Mystic Bla  Conj/Tloc      #.......     100%        4    #####..
 Blade Hands              Tmut           #.........   100%        5    ######.


Dungeon Overview and Level Annotations

Branches:
Dungeon (8/15)             Temple (1/1) D:4            Lair (1/6) D:8
  Sewer (visited)         Gauntlet (1/1)

Altars:
Ashenzari
Cheibriados
Dithmenos
Elyvilon
Fedhas
Gozag
Hepliaklqana
Kikubaaqudgha
Makhleb
Nemelex Xobeh
Okawaru
Qazlal
Ru
Sif Muna
Trog
Uskayaw
Vehumet
Wu Jian
Xom
Yredelemnul
Zin
The Shining One

Shops:
D:6 :

Annotations:
Gauntlet 15 transporters, exclusion: orange crystal statue


Message History

You hit the soldier ant.
The soldier ant is severely wounded.
You feel sick. The soldier ant stings you.
* * * LOW HITPOINT WARNING * * *
You slice the soldier ant!!
You kill the soldier ant!
Beogh accepts your kill.
Training target 9.0 for Armour reached!
Your Armour skill increases to level 9!
You need to enable at least one skill for training.
A soldier ant is nearby!
Your plate armour of Qahofo prevents you from hitting the soldier ant.
You feel sick. The soldier ant stings you.
* * * LOW HITPOINT WARNING * * *
You are more poisoned.
The soldier ant poisons you!
You slash the soldier ant!
The soldier ant is moderately wounded.
You feel sick. The soldier ant stings you!
You die...

.#.#..#..#.#≈#.##...##.#...#..#P©
.#..##.##..#≈#.^##^##^.#...#...#P
.#.........#≈#..uuGG...#...#WWW.#
.#######################...######
.....#©...........©#.....≈.....#©
.....#######.#######....≈8≈§...##
###........#.#...........§§......
#8#........#.###########...######
#########..#.#..@#.#...#...#?....
#8#..#.#..#a..#..#...#$####
###..#.#$##...##.#...###...
#..#.#:.##.#..##...##.###
###..#©#©.#.©....#©.©#w##.©
#8#..###..##.#..##...#.#.##
###....#.##...##.#...#.##..
#....#..#...#..#.∩.#..###
###..#...#.#...#...#.....


You could see 2 ugly things, 2 glowing orange brains and a soldier ant.

Vanquished Creatures
  Harold (D:8)
  A queen ant (Gauntlet)
  A spiny frog (Lair:1)
  A troll (D:8)
  2 hippogriffs
  Sigmund (D:5)
  3 soldier ants (Gauntlet)
  3 porcupines (Lair:1)
  2 orc warriors
  A phantom (D:5)
  3 ogres
  2 wolves (D:8)
  A centaur (D:5)
  2 crocodiles (Lair:1)
  A big kobold (Sewer)
  5 bullfrogs
  2 scorpions
  A water moccasin skeleton (D:5)
  6 electric eels (D:8)
  A howler monkey (D:4)
  2 crimson imps (D:5)
  A bullfrog zombie (D:6)
  A jelly (D:5)
  3 bullfrog skeletons
  5 orc priests
  A hound (D:5)
  2 iguanas
  5 worker ants
  A hound skeleton (D:4)
  A worker ant zombie (D:5)
  A howler monkey zombie (D:6)
  Robin (D:3)
  4 gnolls (D:7)
  A howler monkey skeleton (D:7)
  9 river rats (Sewer)
  9 adders
  2 shadow imps
  7 worms
  4 dart slugs
  7 leopard geckos
  20 orcs
  7 ball pythons
  2 giant cockroaches
  18 goblins
  9 hobgoblins
  5 jackals (D:6)
  23 kobolds
  4 quokkas
  7 bats
  3 frilled lizards
  A leopard gecko zombie (D:6)
  22 rats
228 creatures vanquished.

Vanquished Creatures (collateral kills)
  A sky beast (D:8)
  An electric eel (D:8)
  5 hounds (D:8)
7 creatures vanquished.

Vanquished Creatures (others)
  An orc warrior (D:8)
  4 orcs
  A giant cockroach (D:3)
  A frilled lizard (D:3)
  2 rats (D:3)
  6 withered plants (Gauntlet)
15 creatures vanquished.

Grand Total: 250 creatures vanquished

Notes
Turn   | Place    | Note
-------+----------+-------------------------------------------
     0 | D:1      | Murumi the Hill Orc Fighter began the quest for the Orb.
     0 | D:1      | Reached XP level 1. HP: 19/19 MP: 1/1
   250 | D:1      | Reached XP level 2. HP: 27/27 MP: 2/2
   774 | D:1      | Reached skill level 1 in Dodging
   863 | D:2      | Reached XP level 3. HP: 33/33 MP: 3/3
  1009 | D:2      | Reached XP level 4. HP: 26/40 MP: 4/4
  1698 | D:3      | Became a worshipper of Beogh the Brigand
  1750 | D:3      | Found an opulent altar of Gozag.
  1958 | D:3      | Noticed Robin
  1993 | D:3      | Reached XP level 5. HP: 22/46 MP: 5/5
  2001 | D:3      | Killed Robin
  2073 | D:3      | Found a glowing drain.
  2096 | D:3      | Reached skill level 1 in Invocations
  2101 | D:3      | Reached * piety under Beogh
  2108 | Sewer    | Entered a sewer
  2385 | Sewer    | Noticed a big kobold
  2398 | Sewer    | Killed a big kobold
  2577 | Sewer    | Reached XP level 6. HP: 51/53 MP: 8/8
  2670 | Sewer    | Reached skill level 5 in Fighting
  2974 | Sewer    | Reached ** piety under Beogh
  3987 | D:4      | Reached skill level 5 in Long Blades
  3987 | D:4      | Reached skill level 1 in Evocations
  3987 | D:4      | Reached XP level 7. HP: 45/63 MP: 9/9
  4236 | D:4      | Found a staircase to the Ecumenical Temple.
  4434 | Temple   | Entered the Ecumenical Temple
  4921 | D:5      | Entered Level 5 of the Dungeon
  4990 | D:5      | Noticed a hippogriff
  4998 | D:5      | Killed a hippogriff
  4998 | D:5      | Reached skill level 5 in Shields
  4998 | D:5      | Reached skill level 5 in Armour
  5104 | D:5      | Reached XP level 8. HP: 68/70 MP: 9/11
  5169 | D:5      | HP: 2/73 [orc priest/divine providence (9)]
  5773 | D:5      | Noticed Sigmund
  5780 | D:5      | Killed Sigmund
  5816 | D:5      | Found a shattered altar of Ashenzari.
  5960 | D:5      | Identified the +1 plate armour of Qahofo {+Fly rElec rF-
                  | Dex+7} (You found it on level 5 of the Dungeon)
  6598 | D:5      | Reached XP level 9. HP: 59/80 MP: 12/12
  6800 | D:6      | Found a white marble altar of Elyvilon.
  7001 | D:6      | Found Nuaryab's Book Shop.
  8345 | D:8      | Noticed Harold
  8355 | D:7      | Reached *** piety under Beogh
  8377 | D:8      | Killed Harold
  8377 | D:8      | Reached skill level 5 in Invocations
  8494 | D:8      | Noticed a troll
  8523 | D:8      | Reached XP level 10. HP: 47/91 MP: 10/13
  8614 | D:8      | Found a staircase to the Lair.
  8637 | Lair:1   | Entered Level 1 of the Lair of Beasts
  8637 | Lair:1   | Noticed a spiny frog
  8640 | Lair:1   | Killed a spiny frog
  9080 | Lair:1   | Found a gate leading to a gauntlet.
  9089 | Gauntlet | Entered a Gauntlet
  9089 | Gauntlet | Found a transporter.
  9089 | Gauntlet | Found a transporter.
  9132 | Gauntlet | Found a transporter.
  9132 | Gauntlet | Found a transporter.
  9134 | Gauntlet | Noticed a green ugly thing
  9134 | Gauntlet | Noticed a purple ugly thing
  9137 | Gauntlet | Noticed a glowing orange brain
  9138 | Gauntlet | Noticed a glowing orange brain
  9160 | Gauntlet | Found a transporter.
  9162 | Gauntlet | Noticed a wolf spider
  9166 | Gauntlet | Found a transporter.
  9166 | Gauntlet | Found a transporter.
  9166 | Gauntlet | Noticed a moth of wrath
  9190 | Gauntlet | Found a transporter.
  9197 | Gauntlet | Found a transporter.
  9209 | Gauntlet | Found a transporter.
  9254 | Gauntlet | Found a transporter.
  9256 | Gauntlet | Noticed a queen ant
  9264 | Gauntlet | Found a transporter.
  9277 | Gauntlet | Noticed an orange crystal statue
  9278 | Gauntlet | Found a transporter.
  9363 | Gauntlet | Found a transporter.
  9378 | Gauntlet | Found a transporter.
  9392 | Gauntlet | Noticed a sixfirhy
  9394 | Gauntlet | Found a transporter.
  9394 | Gauntlet | Noticed a sixfirhy
  9504 | Gauntlet | Killed a queen ant
  9525 | Gauntlet | Slain by a soldier ant

Illustrated notes

Levels and vault maps discovered:
D:1:      minmay_arrival_arboretum_small, layout_loops_ring, serial_glass,
          glass_columns_b, glass_columns_a, glass_columns_b, glass_columns_c
D:2:      layout_basic, minmay_strange_pillars, minmay_nonomino_d4
D:3:      layout_loops_ring, first_ration, cheibrodos_sewer_entry_bend,
          nicolae_gozag_cash_rules_everything_around_me, uniq_robin
D:4:      layout_rooms, minmay_temple_entry_proselytizer, serial_curves,
          eino_curves_01, eino_curves_03
D:5:      kennysheep_six_static_rooms, layout_basic, basic_altar,
          roderic_roman_lattice, uniq_sigmund
D:6:      layout_rooms, lemuel_crystal_altar, serial_shops, shop_fountains
D:7:      layout_loops_cross
D:8:      layout_basic, erik_lair_island, uniq_erica, uniq_harold
Temple:   compressed_dpeg_triangle_lava_temple
Lair:1:   layout_small_grid, gauntlet_entry_generic, columned_hall_lemuel,
          roderic_batcave, chequers_serial_rivers_marsh, st_stairs_5,
          patterned_corridor
Gauntlet: gammafunk_gauntlet_branching [gammafunk_gauntlet_arena_spirals,
          gammafunk_gauntlet_arena_chambers, nicolae_gauntlet_arena_x,
          gammafunk_gauntlet_arena_arrow_garden,
          gammafunk_gauntlet_arena_split_diamond,
          nicolae_gauntlet_arena_quarters, nicolae_gauntlet_arena_t_cross,
          nicolae_gauntlet_arena_flowing_pool,
          nicolae_gauntlet_exit_dead_adventurers]

Skill      XL: |  1  2  3  4  5  6  7  8  9 10 |
---------------+-------------------------------+-----
Fighting       | 4 6 7 9 |  9.0
Long Blades    | 3 4 5 6 7 9 |  9.0
Dodging        | 1 2 |  2.0
Armour         | 4 5 6 7 9 |  9.0
Shields        | 4 5 6 7 8 |  8.1
Invocations    | 3 4 5 6 |  6.0
Evocations     | 1 2 3 |  3.0

Action                   |  1- 3 |  4- 6 |  7- 9 | 10-12 || total
-------------------------+-------+-------+-------+-------++-------
Melee: Long sword        |   100 |   374 |   401 |   159 ||  1034
Invok: Convert to Beogh  |       |     1 |       |       ||     1
       Smiting           |       |       |     6 |     3 ||     9
  Use: Scroll            |     4 |    11 |     4 |     1 ||    20
       Potion            |       |       |     3 |     3 ||     6
 Stab: Distracted        |       |       |       |     2 ||     2
  Eat: Chunk             |       |    10 |    12 |     4 ||    26
       Ration            |       |       |     1 |       ||     1
Armor: Chain mail        |    52 |   214 |    56 |       ||   322
       Scale mail        |     1 |       |       |       ||     1
       Plate armour      |       |       |   136 |    67 ||   203
Dodge: Dodged            |    15 |    83 |    88 |    38 ||   224
Block: Kite shield       |    47 |   187 |   219 |    58 ||   511
       Rpst.: Long sword |     2 |    25 |    24 |     7 ||    58

Table legend:
 A = Non-vault XP
 B = Vault XP
 C = Vault XP percentage of total XP
 D = Non-vault monster count
 E = Vault monster count
 F = Vault count percentage of total count
                 A         B        C        D         E       F
            +---------+---------+-------+---------+---------+-------
      Total |    4528 |    3735 |  45.2 |     149 |      86 |  36.6
            +---------+---------+-------+---------+---------+-------
        D:1 |      33 |       0 |   0.0 |      19 |       0 |   0.0
        D:2 |      44 |      42 |  48.8 |      16 |       7 |  30.4
        D:3 |      53 |      41 |  43.6 |      21 |      11 |  34.4
        D:4 |     346 |      41 |  10.6 |      18 |       1 |   5.3
        D:5 |    1143 |     458 |  28.6 |      20 |       6 |  23.1
        D:6 |     531 |       0 |   0.0 |      19 |       0 |   0.0
        D:7 |     389 |       0 |   0.0 |      17 |       0 |   0.0
        D:8 |     502 |    1579 |  75.9 |      10 |       9 |  47.4
     Lair:1 |    1487 |       0 |   0.0 |       9 |       0 |   0.0
      Sewer |       0 |     259 | 100.0 |       0 |      48 | 100.0
   Gauntlet |       0 |    1315 | 100.0 |       0 |       4 | 100.0
            +---------+---------+-------+---------+---------+-------
